 Dungeon Crawl Stone Soup version 0.28-a0-730-g892d06dc2c (webtiles) character file.

Game seed: 3389057367483217591

70 pokeman the Magician (level 4, 0/25 HPs)
             Began as a Deep Elf Hedge Wizard on Oct 28, 2021.
             Killed by nerve-wracking pain
             ... invoked by Grinder
              (8 damage)
             ... on level 3 of the Dungeon.
             The game lasted 00:06:12 (3859 turns).

pokeman the Magician (Deep Elf Hedge Wizard)        Turns: 3859, Time: 00:06:13

Health: 0/25       AC:  5    Str:  7    XL:     4   Next: 4%
Magic:  4/13       EV: 12    Int: 20    God:
Gold:   117        SH:  0    Dex: 14    Spells: 3/14 levels left

rFire   . . .      SeeInvis .   p - +2 dagger (drain)
rCold   . . .      Faith    .   (no shield)
rNeg    . . .      Spirit   .   f - +0 leather armour
rPois   .          Reflect  .   k - +2 hat
rElec   .          Harm     .   (no cloak)
rCorr   .          Rampage  .   (no gloves)
Will    .....                   (no boots)
Stlth   ++........              (no amulet)
HPRegen 0.08/turn               a - ring of wizardry
MPRegen 0.13/turn               o - +4 ring of slaying

@: no status effects
A: no striking features
a: no special abilities


You were on level 3 of the Dungeon.
You visited 1 branch of the dungeon, and saw 3 of its levels.

You collected 117 gold pieces.

Inventory:

Hand Weapons
 n - a +0 shortbow
 p - a +2 dagger of draining (weapon)
Missiles
 d - 43 arrows
 h - 53 bolts
Armour
 f - a +0 leather armour (worn)
 k - a +2 hat (worn)
Jewellery
 a - a ring of wizardry (left hand)
 l - an amulet of faith
 o - a +4 ring of slaying (right hand)
Scrolls
 c - a scroll of identify {unknown}
 m - a scroll of enchant weapon {unknown}
Potions
 b - 2 potions of attraction {unknown}
 e - a potion of brilliance {unknown}
 g - 4 potions of curing {unknown}
 i - 2 potions of flight {unknown}
 j - a potion of berserk rage {unknown}


   Skills:
 - Level 1.0 Fighting
 - Level 1.0 Armour
 + Level 2.5 Dodging
 - Level 2.4 Stealth
 * Level 5.5 Spellcasting
 + Level 2.1 Conjurations
 - Level 1.1 Summonings
 - Level 1.1 Translocations
 + Level 0.4 Fire Magic


You had 3 spell levels left.
You knew the following spells:

 Your Spells              Type           Power      Damage    Failure   Level
a - Magic Dart            Conj           52%        1d5       2%          1
b - Mephitic Cloud        Conj/Pois/Air  8%         N/A       16%         3
c - Call Imp              Summ           9%         N/A       6%          2
d - Blink                 Tloc           18%        N/A       6%          2
e - Conjure Flame         Conj/Fire      10%        6-21      12%         3

Your spell library contained the following spells:

 Spells                   Type           Power      Damage    Failure   Level
 Static Discharge         Conj/Air       9%         N/A       6%          2
 Slow                     Hex            5%         N/A       10%         2
 Sticky Flame             Conj/Fire      10%        2d3       34%         4
 Dispel Undead            Necr           5%         3d7       52%         4


Dungeon Overview and Level Annotations

Branches:
Dungeon (3/15)

Altars:

Shops:
D:1 =

Annotations:
D:3 Grinder


Message History

r - Retreat! s - Stop attacking. g - Guard the area. f - Follow me.
Anything else - Cancel.
Gang up on whom?
Press: ? - help, Dir - move target, f/p - Grinder
Aim: Grinder Attack!
Grinder gestures at you.
Your iron imp suddenly stops moving!
Grinder says, "Wait up."
Grinder hits your iron imp but does no damage.
Grinder hits your iron imp but does no damage.
Grinder completely misses your iron imp.
Grinder hits your iron imp. Grinder gestures at you.
Grinder blinks!
Grinder blinks!
Your iron imp is no longer paralysed.
Grinder hits your iron imp but does no damage.
Your iron imp hits Grinder but does no damage.
Grinder hits your iron imp.
Your iron imp barely misses Grinder.
Grinder blinks!
Your iron imp disappears in a puff of smoke!
Grinder blinks!
Casting: Call Imp (safe; 6% risk of failure)
Confirm with . or Enter, or press ? or * to list all spells.
A beastly little devil appears in a puff of flame.
Grinder gestures at you. Pain shoots through your body!
Casting: Call Imp (safe; 6% risk of failure)
Confirm with . or Enter, or press ? or * to list all spells.
A beastly little devil appears in a puff of flame.
Your crimson imp disappears in a puff of smoke!
Casting: Call Imp (safe; 6% risk of failure)
Confirm with . or Enter, or press ? or * to list all spells.
A beastly little devil appears in a puff of flame.
Your crimson imp disappears in a puff of smoke!
Grinder gestures at you. Pain shoots through your body!
You die...

##.###.###.#.#
#.#######.. #..##.###.#.#
#.# #..
##.##.....#.####.#####
#.. #.##.##..#.......)..#
#.. ####
#..#.##..#..........# #..
...#
##.#.##..#..........# #..
...#
#...#...#).........###..
...##
##..#5#.#...............
....#
#..#ยงยง@#..........####.
....#
##.###.#......########.
....#
#.###.######.##.......
....# #..##.# #.##.######
###.# #####(.##5# #.##.#
#.# #......##.# #.##.#
#.# #.####..#.######.##.#
#.#
##.####..#........##.#
#.#
#.........#####......#


You could see Grinder (ally target) and a friendly crimson imp (summoned).

Vanquished Creatures
  3 adders (D:2)
  3 worms
  A dart slug (D:1)
  3 bats
  4 giant cockroaches
  3 goblins
  4 hobgoblins
  3 quokkas
  7 ball pythons
  5 rats
36 creatures vanquished.

Notes
Turn   | Place    | Note
-------+----------+-------------------------------------------
     0 | D:1      | pokeman the Deep Elf Hedge Wizard began the quest for the
                  | Orb.
     0 | D:1      | Reached XP level 1. HP: 10/10 MP: 7/7
   168 | D:1      | Found Wutru's Jewellery Boutique.
   448 | D:1      | Reached XP level 2. HP: 16/16 MP: 0/9
   536 | D:1      | Found a faded altar of an unknown god.
  1283 | D:2      | Reached skill level 5 in Spellcasting
  1445 | D:2      | Reached XP level 3. HP: 20/20 MP: 0/11
  1449 | D:2      | Learned a level 3 spell: Mephitic Cloud
  1452 | D:2      | Learned a level 2 spell: Call Imp
  1455 | D:2      | Learned a level 2 spell: Blink
  1459 | D:2      | Learned a level 3 spell: Conjure Flame
  2062 | D:2      | Reached skill level 1 in Fighting
  2062 | D:2      | Reached skill level 1 in Armour
  2502 | D:3      | Noticed Grinder
  2518 | D:3      | Paralysed by Grinder for 7 turns
  3219 | D:3      | Paralysed by Grinder for 5 turns
  3400 | D:3      | Reached XP level 4. HP: 21/25 MP: 8/13
  3612 | D:3      | Paralysed by Grinder for 6 turns
  3859 | D:3      | Killed from afar by Grinder

Illustrated notes

Levels and vault maps discovered:
D:1:      dpeg_arrival_tiny_c, layout_rooms, shapermc_ecumenical_altar_petra,
          serial_shops, nicolae_diamond_shop, st_stairs_9, minmay_pentomino_u4
D:2:      layout_basic
D:3:      layout_basic, uniq_grinder

Skill      XL: |  1  2  3 |
---------------+----------+-----
Spellcasting   | 5 |  5.5
Fighting       | 1 |  1.0
Armour         | 1 |  1.0
Conjurations   | 2 |  2.1
Dodging        | |  2.5
Stealth        | |  2.4
Summonings     | |  1.1
Translocations | |  1.1
Fire Magic     | |  0.4

Action                   |  1- 3 |  4- 6 || total
-------------------------+-------+-------++-------
Melee: Dagger            |    27 |       ||    27
 Cast: Magic Dart        |   126 |    10 ||   136
       Call Imp          |     6 |    10 ||    16
       Conjure Flame     |     3 |       ||     3
       Mephitic Cloud    |     1 |       ||     1
Armor: Leather armour    |     9 |       ||     9
Dodge: Dodged            |    21 |       ||    21

Table legend: (Time is in decaauts)
 A = Elapsed time spent in this place.
 B = Non-inter-level travel time spent in this place.
 C = Inter-level travel time spent in this place.
 D = Time resting spent in this place.
 E = Time spent auto-exploring this place.
 F = Levels seen in this place.
 G = Mean time per level.
                   A        B        C        D        E       F      G
               +--------+--------+--------+--------+--------+-----+--------+
         Total |   3860 |   3646 |    214 |    320 |   2632 |   3 | 1286.7 |
       Dungeon |   3860 |   3646 |    214 |    320 |   2632 |   3 | 1286.7 |
               +--------+--------+--------+--------+--------+-----+--------+

Top non-repeatable levels by time:
     D:2: 1798 daAuts
     D:1: 1065 daAuts
     D:3: 997 daAuts
